 Dungeon Crawl Stone Soup version 0.26-b1-32-g5d43845318 (webtiles) character file.

Game seed: 15695066029935370455

232 sanka the Sneak (level 6, -1/52 HPs)
             Began as a Ghoul Delver on Jan 9, 2021.
             Killed from afar by Ijyb (18 damage)
             ... with a bolt of acid
             ... on level 3 of the Dungeon.
             The game lasted 00:07:38 (4333 turns).

sanka the Sneak (Ghoul Delver)                      Turns: 4333, Time: 00:07:39

Health: -1/52      AC:  1    Str: 18    XL:     6   Next: 4%
Magic:  14/14      EV:  7    Int:  5    God:
Gold:   125        SH:  0    Dex: 10    Spells: 5/5 levels left

rFire    . . .     SeeInvis .   q - +0 battleaxe (curse)
rCold    + . .     Faith    +   (shield currently unavailable)
rNeg     + + +     Spirit   .   A - +0 chain mail
rPois    ∞         Reflect  .   r - +0 helmet
rElec    .         Harm     .   (no cloak)
rCorr    .         Rampage  .   (no gloves)
Will     .....                  (no boots)
Stlth    ..........             z - amulet of faith
HPRegen  0.00/turn              y - ring of magical power
MPRegen  0.14/turn              s - ring of flight

@: corroded, hasted, very quick
A: claws 1, cold resistance 1, negative energy resistance 3, inhibited
regeneration, torment resistance, unbreathing
a: Evoke Flight


You were on level 3 of the Dungeon.
You visited 1 branch of the dungeon, and saw 5 of its levels.
You also visited: Ossuary.

You collected 125 gold pieces.


Innate Abilities, Weirdness & Mutations

You thrive by killing the living.
You are immune to poison.
You have sharp fingernails.
Your flesh is cold resistant. (rC+)
You are immune to negative energy. (rN+++)
You do not regenerate when monsters are visible.
You are immune to unholy pain and torment.
You can survive without breathing.


   Skills:
 - Level 4.0 Fighting
 + Level 5.2 Axes
 - Level 1.7 Dodging
 - Level 5.4 Stealth


You had 5 spell levels left.
You didn't know any spells.
Your spell library was empty.

Inventory:

Hand Weapons
 a - a +0 hand axe
 q - a cursed +0 battleaxe (weapon)
Armour
 b - a +0 leather armour
 r - a +0 helmet (worn)
 A - a +0 chain mail (worn)
Jewellery
 s - a ring of flight (right claw)
 y - a ring of magical power (left claw)
 z - an amulet of faith (around neck)
Wands
 g - a wand of digging (3)
Scrolls
 c - a scroll of fog
 d - 3 scrolls of magic mapping
 j - 4 scrolls of teleportation {@r4}
 l - 2 scrolls of remove curse
 n - a scroll of vulnerability {unknown}
 o - 2 scrolls of enchant weapon {unknown}
 u - 2 scrolls of blinking
 w - 2 scrolls of amnesia {unknown}
 B - 2 scrolls of enchant armour
Potions
 h - a potion of flight {unknown}
 i - 2 potions of curing {@q1}
 k - a potion of might {unknown}
 m - a potion of invisibility {unknown}
 t - a potion of mutation {unknown}
 x - a potion of ambrosia {unknown}

Dungeon Overview and Level Annotations

Branches:
Dungeon (5/15)            Ossuary (visited)
 Temple: D:4-7

Altars:
Ashenzari
Nemelex Xobeh

Annotations:
D:3 Ijyb

.. ▒.▒ . ▒.▒
▒.▒ ▒.▒ ▒.▒ ▒.▒
▒.▒
▒▒▒▒▒▒▒.▒▒▒▒▒▒▒
▒▒▒
.......ng......
...
........▒▒▒▒▒..
.. ........▒
... ..).....▒
.... ........▒
.... .!......▒
.... ........▒
.... ........▒
.... ..?.


You could see Ijyb.


Message History

The acid corrodes you!
You are splashed with acid!
* * * LOW HITPOINT WARNING * * *
Ijyb zaps a wand.
The bolt of acid hits you!
You are splashed with acid!
* * * LOW HITPOINT WARNING * * *
Unknown command.
You closely miss Ijyb.
Ijyb is moderately wounded.
Ijyb hits you but does no damage.
Unknown command.
Unknown command.
You hit Ijyb but do no damage.
Ijyb is moderately wounded.
Ijyb zaps a wand.
The bolt of acid misses you.
Unknown command.
You closely miss Ijyb.
Ijyb is moderately wounded.
Ijyb closely misses you.
You slash Ijyb!
Ijyb is heavily wounded.
Ijyb hits you with a +0 club.
* * * LOW HITPOINT WARNING * * *
You closely miss Ijyb.
Ijyb is heavily wounded.
Ijyb zaps a wand.
The bolt of acid hits you!!
You die...

Action                   |  1- 3 |  4- 6 || total
-------------------------+-------+-------++-------
Melee: Hand axe          |   102 |     8 ||   110
       Battleaxe         |       |   250 ||   250
  Use: Scroll            |       |     7 ||     7
       Potion            |       |     4 ||     4
 Stab: Sleeping          |       |     8 ||     8
Armor: Leather armour    |    19 |    56 ||    75
       Chain mail        |       |    79 ||    79
Dodge: Dodged            |    48 |   192 ||   240

Levels and vault maps discovered:
D:1:      onia_arrival_handbag, layout_basic
D:2:      layout_rooms, st_stairs_9
D:3:      minmay_recursive_quarters, layout_basic,
          eat_drink_and_be_merry_uskayaw, nemelex_xobeh_ov_fountains_minmay,
          uniq_jessica, uniq_ijyb
D:4:      layout_cave_pools, kennysheep_mini_moat, ashenzari_altar_1,
          minmay_temple_entry_fiery, minmay_mini_ossuary, uniq_robin,
          uniq_edmund
D:5:      layout_basic, tgw_sif, nicolae_overflow_hidden_temple, serial_shops,
          shop, nicolae_ossuary_entry_monument, portal_sewer_entry_e,
          minmay_shop_grid_forest

Notes
Turn   | Place    | Note
-------+----------+-------------------------------------------
     0 | D:5      | sanka the Ghoul Delver began the quest for the Orb.
     0 | D:5      | Reached XP level 1. HP: 19/19 MP: 0/0
    22 | D:5      | Found a sand-covered staircase.
    28 | D:5      | Noticed an orc wizard
    31 | Ossuary  | Entered an ossuary
    31 | Ossuary  | Noticed a wraith
    31 | Ossuary  | Noticed a wraith
    31 | Ossuary  | Noticed a wraith
   498 | Ossuary  | Reached skill level 4 in Fighting
   498 | Ossuary  | Reached skill level 2 in Axes
   498 | Ossuary  | Reached XP level 2. HP: 19/27 MP: 1/1
   932 | Ossuary  | Reached XP level 3. HP: 30/33 MP: 2/2
  1072 | Ossuary  | Noticed a wraith
  1422 | D:5      | Reached skill level 3 in Axes
  1422 | D:5      | Reached XP level 4. HP: 14/40 MP: 3/3
  1431 | D:5      | HP: 4/40 [orc (1)]
  1960 | D:4      | Reached skill level 4 in Axes
  2140 | D:4      | Reached XP level 5. HP: 46/46 MP: 4/4
  2182 | D:4      | Found a broken altar of Ashenzari.
  2195 | D:3      | Found a sparkling altar of Nemelex Xobeh.
  3904 | D:2      | Reached skill level 5 in Axes
  3978 | D:3      | Noticed Ijyb
  4301 | D:3      | Reached XP level 6. HP: 47/52 MP: 5/5
  4326 | D:3      | HP: 1/52 [acid (9)]
  4333 | D:3      | Killed from afar by Ijyb

Vanquished Creatures
  An orc wizard (D:5)
  An iguana (D:5)
  A mummy (Ossuary)
  6 adders
  An ooze (D:1)
  An adder skeleton (D:4)
  5 dart slugs
  A worm (D:2)
  A leopard gecko (D:3)
  An orc (D:5)
  10 bats
  6 giant cockroaches
  9 goblins
  8 hobgoblins
  7 jackals
  3 ball pythons (D:1)
  7 frilled lizards
  3 gnoll skeletons (Ossuary)
  A jackal zombie (D:5)
  3 kobolds (D:1)
  7 kobold skeletons (Ossuary)
  15 orc skeletons (Ossuary)
  4 rats
102 creatures vanquished.

Table legend: (Time is in decaauts)
 A = Elapsed time spent in this place.
 B = Non-inter-level travel time spent in this place.
 C = Inter-level travel time spent in this place.
 D = Time resting spent in this place.
 E = Time spent auto-exploring this place.
 F = Levels seen in this place.
 G = Mean time per level.
                   A        B        C        D        E       F      G
               +--------+--------+--------+--------+--------+-----+--------+
         Total |   4465 |   4356 |    109 |   1941 |   1164 |   6 |  744.2 |
       Dungeon |   3082 |   2973 |    109 |   1025 |   1164 |   5 |  616.4 |
       Ossuary |   1383 |   1383 |      0 |    916 |      0 |   1 | 1383.0 |
               +--------+--------+--------+--------+--------+-----+--------+

Top non-repeatable levels by time:
 Ossuary: 1383 daAuts
     D:1: 1151 daAuts
     D:2: 863 daAuts
     D:5: 523 daAuts
     D:4: 326 daAuts
     D:3: 217 daAuts
